 Dungeon Crawl Stone Soup version 0.32-a0-20-ge526923d97 (console) character file.

Game seed: 1447196086616815766

2 Zeia the Grave Robber (level 1, -1/14 HPs)
             Began as a Demonspawn Necromancer on Jan 17, 2024.
             Succumbed to a goblin's poison
             ... on level 1 of the Dungeon.
             The game lasted 00:02:47 (142 turns).

Zeia the Grave Robber (Demonspawn Necromancer)       Turns: 142, Time: 00:02:47

Health: -1/14      AC:  2    Str:  8    XL:     1   Next: 33%
Magic:  0/3        EV: 12    Int: 15    God:
Gold:   0          SH:  0    Dex: 13    Spells: 3/4 levels left

rFire   . . .        (no weapon)
rCold   . . .        (no shield)
rNeg    . . .        a - +0 robe
rPois   .            (no helmet)
rElec   .            (no cloak)
rCorr   .            (no gloves)
SInv    .            (no boots)
Will    .....        (no amulet)
Stlth   ++           (no ring)
HPRegen 0.22/turn    (no ring)
MPRegen 0.08/turn

%: no passive effects
@: lethally poisoned (-1 -> -12)
A: no striking features
a: no special abilities


You were on level 1 of the Dungeon.
You visited 1 branch of the dungeon, and saw 1 of its levels.

Inventory:

Armour
 a - a +0 robe (worn)
Potions
 b - a potion of magic


   Skills:
 + Level 0.8 Fighting
 - Level 1.7 Dodging
 - Level 1.7 Stealth
 - Level 2.0 Spellcasting
 - Level 4.3 Necromancy


You had 3 spell levels left.
You knew the following spells:

 Your Spells              Type           Power      Damage    Failure   Level
a - Necrotise             Necr           56%        1d6       3%          1

Your spell library contained the following spells:

 Spells                   Type           Power      Damage    Failure   Level
 Vampiric Draining        Necr           14%        2d7       11%         3
 Animate Dead             Necr           14%        N/A       36%         4
 Curse of Agony           Necr           14%        N/A       71%         5


Dungeon Overview and Level Annotations

Branches:
Dungeon (1/15)

Altars:

Shops:
D:1 *

Annotations:
D:1 1 exclusion


Message History

The hobgoblin hits you.
* * * LOW HITPOINT WARNING * * *
You cannot cast spells when silenced!
The hobgoblin attacks as it pursues you!
The hobgoblin barely misses you.
The hobgoblin attacks as it pursues you!
The hobgoblin barely misses you.
The hobgoblin attacks as it pursues you!
The hobgoblin closely misses you.
The hobgoblin attacks as it pursues you!
The hobgoblin hits you.
* * * LOW HITPOINT WARNING * * *
The hobgoblin attacks as it pursues you!
The hobgoblin hits you.
* * * LOW HITPOINT WARNING * * *
Found a green potion.
You cannot cast spells when silenced!
You hit the goblin.
The goblin is heavily wounded.
Your hearing returns.
The goblin barely misses you.
Aiming: Necrotise (safe; 3% risk of failure)
Press: ? - help, Q - select action Shift-Dir - straight line, f/p - goblin
Aim: a goblin, wielding a +0 dagger of venom (heavily wounded, chance to affect: 84%)
The goblin barely resists.
The goblin hits you but does no damage.
Aiming: Necrotise (safe; 3% risk of failure)
Press: ? - help, Q - select action Shift-Dir - straight line, f/p - goblin
Aim: a goblin, wielding a +0 dagger of venom (heavily wounded, chance to affect: 84%)
The goblin writhes in agony.
The goblin hits you with a +0 dagger of venom.
* * * LOW HITPOINT WARNING * * *
You are lethally poisoned!
Aiming: Necrotise (safe; 3% risk of failure)
Press: ? - help, Q - select action Shift-Dir - straight line, f/p - goblin
Aim: a goblin, wielding a +0 dagger of venom (severely wounded, chance to affect: 84%)
The goblin writhes in agony.
You kill the goblin!
The dead are walking!
You die...

#.. #.#.# #g# ##...
#.#.# #.#
.....####.#.#########.#
#....#................#
#.........#.###########
.........#.#
#.#.....#.##
#..........#
####g##8.8.# #Z#..∩..#
#@#.8.8## #...#....#
#....#....# #....#.....
......#.....# ....#..#
#....##.# #...! #..


You could see a hobgoblin (ally target) and a friendly goblin skeleton.

Vanquished Creatures
  An endoplasm (D:1)
  A goblin (D:1)
  A quokka (D:1)
3 creatures vanquished.

Notes
Turn   | Place    | Note
-------+----------+-------------------------------------------
     0 | D:1      | Zeia the Demonspawn Necromancer began the quest for the
                  | Orb.
     0 | D:1      | Reached XP level 1. HP: 13/13 MP: 3/3
     1 | D:1      | Noticed an electric eel
    81 | D:1      | Found Touc's Assorted Antiques.
   142 | D:1      | Succumbed to a goblin's poison

Illustrated notes

Levels and vault maps discovered:
D:1:      arrival_aquarium_a, layout_basic, serial_shops,
          nicolae_shop_rolled_up, nicolae_shop_dealshenge,
          nicolae_shop_tiny_statue_garden, serial_bayou_lagoon_b

Action                     || total
---------------------------++-------
  Melee: Unarmed           ||     3
   Cast: Necrotise         ||    10
    Use: Scroll            ||     1
 Armour: Robe              ||    11
  Dodge: Dodged            ||    12

Table legend: (Time is in decaauts)
 A = Elapsed time spent in this place.
 B = Non-inter-level travel time spent in this place.
 C = Inter-level travel time spent in this place.
 D = Time resting spent in this place.
 E = Time spent auto-exploring this place.
 F = Levels seen in this place.
 G = Mean time per level.
                   A        B        C        D        E       F      G
               +--------+--------+--------+--------+--------+-----+--------+
         Total |    142 |    142 |      0 |     33 |     18 |   1 |  142.0 |
       Dungeon |    142 |    142 |      0 |     33 |     18 |   1 |  142.0 |
               +--------+--------+--------+--------+--------+-----+--------+

Top non-repeatable levels by time:
     D:1: 142 daAuts
